 Dungeon Crawl Stone Soup version 0.29.1-2-gbd0b4ee654 (webtiles) character file.

Game seed: 5618449458286922048

53 wingedge the Shooter (level 4, -5/35 (36) HPs)
             Began as a Meteoran Hunter on Oct 25, 2022.
             Was an Initiate of Hepliaklqana.
             Slain by Crazy Yiuf
             ... wielding a +3 quarterstaff of chaos
              (12 damage)
             ... on level 2 of the Dungeon.
             The game lasted 00:10:39 (768 turns).

wingedge the Shooter (Meteoran Hunter)               Turns: 768, Time: 00:10:39

HP:   -5/35 (36)    AC:  6    Str: 12    XL:     4   Next: 31%
MP:   5/5           EV: 12    Int: 10    God:    Hepliaklqana [......]
Gold: 81            SH:  0    Dex: 20    Spells: 3/3 levels left

rFire   . . .      SeeInvis .   a - +0 shortbow
rCold   . . .      Faith    .   (shield currently unavailable)
rNeg    . . .      Spirit   .   n - +0 ring mail
rPois   .          Reflect  .   (no helmet)
rElec   .          Harm     .   p - +0 cloak
rCorr   .          Rampage  .   (no gloves)
Will    .....                   (no boots)
Stlth   +.........              f - amulet of magic regeneration
HPRegen 0.11/turn               (no ring)
MPRegen 0.49/turn               (no ring)

@: lethally poisoned (-5 -> -14), glowing, lightly drained
A: sense surroundings 1, otherworldly, glowing, explore regen
a: Renounce Religion


You were on level 2 of the Dungeon.
You worshipped Hepliaklqana.
Hepliaklqana was noncommittal.
You visited 1 branch of the dungeon, and saw 2 of its levels.

You collected 81 gold pieces.

Inventory:

Hand Weapons
 a - a +0 shortbow (weapon)
 b - a +0 short sword
Armour
 c - a +0 leather armour
 n - a +0 ring mail (worn)
 p - a +0 cloak (worn)
Jewellery
 f - an amulet of magic regeneration (around neck)
Scrolls
 d - 2 scrolls of vulnerability
 i - a scroll of torment {unknown}
 j - 2 scrolls of identify {unknown}
 k - a scroll of immolation
 l - a scroll of teleportation {unknown}
 m - a scroll of enchant armour {unknown}
 o - a scroll of silence {unknown}
 q - a scroll of noise {unknown}
Potions
 e - a potion of curing {unknown}
 g - a potion of invisibility {unknown}
 h - 2 potions of might {unknown}


   Skills:
 - Level 2.1 Fighting
 + Level 5.7 Ranged Weapons
 - Level 3.0 Dodging
 - Level 0.6 Stealth


You had 3 spell levels left.
You didn't know any spells.
Your spell library contained the following spells:

 Spells                   Type           Power      Damage    Failure   Level
 Beastly Appendage        Tmut           0%         N/A       65%         1
 Wereblood                Tmut           0%         N/A       78%         2
 Ozocubu's Armour         Ice            0%         N/A       95%         3
 Spider Form              Tmut/Pois      0%         N/A       95%         3
 Ozocubu's Refrigeration  Ice            0%         4d7       100%        7


Dungeon Overview and Level Annotations

Branches:
Dungeon (2/15) Zot: 400

Altars:
Hepliaklqana

Annotations:
D:2 Crazy Yiuf


Innate Abilities, Weirdness & Mutations

You passively map a small area around you.
You are easily found by Zot.
You glow in the dark.
You regain HP and MP as you explore.


Message History

Unknown command.
Fire: a) +0 shortbow
Press: ? - help, Q - select action Shift-Dir - straight line, f - Crazy Yiuf
Aim: Crazy Yiuf, wielding a +3 quarterstaff of chaos and wearing a +0 cloak (fire blocked by a runed translucent door, 69% to hit)
Okay, then.
Unknown command.
Press: ? - help, v - describe, . - travel
Here: Crazy Yiuf, wielding a +3 quarterstaff of chaos and wearing a +0 cloak (fire blocked by a runed translucent door)
The floor.
Unknown command.
You open the door.
Crazy Yiuf drinks a potion.
Crazy Yiuf seems to speed up.
Fire: a) +0 shortbow
Press: ? - help, Q - select action Shift-Dir - straight line, f - Crazy Yiuf
Aim: Crazy Yiuf, wielding a +3 quarterstaff of chaos and wearing a +0 cloak (fast, 69% to hit)
You shoot an arrow. The arrow hits Crazy Yiuf!
Crazy Yiuf is heavily wounded.
Crazy Yiuf misses you.
Fire: a) +0 shortbow
Press: ? - help, Q - select action Shift-Dir - straight line, f/p - Crazy Yiuf
Aim: Crazy Yiuf, wielding a +3 quarterstaff of chaos and wearing a +0 cloak (heavily wounded, fast, 69% to hit)
You shoot an arrow.
The arrow hits Crazy Yiuf but does no damage.
Crazy Yiuf is heavily wounded.
Crazy Yiuf hits you with a +3 quarterstaff of chaos!
You are poisoned.
Crazy Yiuf hits you with a +3 quarterstaff of chaos!
You feel drained.
Okay, then.
Fire: a) +0 shortbow
Press: ? - help, Q - select action Shift-Dir - straight line, f/p - Crazy Yiuf
Aim: Crazy Yiuf, wielding a +3 quarterstaff of chaos and wearing a +0 cloak (heavily wounded, fast, 69% to hit)
You shoot an arrow. The arrow hits Crazy Yiuf!
Crazy Yiuf is almost dead.
You feel very sick. Crazy Yiuf barely misses you.
Crazy Yiuf whimpers, "Powder!"
Crazy Yiuf hits you with a +3 quarterstaff of chaos!
* * * LOW HITPOINT WARNING * * *
You are electrocuted!
You die...

## * #....#######.[#.#### .# ###*
##..## #........... ># *#...
#....# ##.....##### .# #...# *
#...## #.......##.. .###...##
##.## #........... ......... ,*
#.## #..........# #....###.. ##.#
#........##. ..##.......# #.##
#........##. ..####.....# ##@#
#.......>... ...........# #g#
#.....[.#### #.#........ ...
##<.....[... #.....#..### #...#
###........ .....##.#..# #..)#
###......... ....##..#..# #####
#...#....... ..#.#......#
#..##.......
..#.....#..###########..##.......
.####............................


You could see Crazy Yiuf (fast).

Vanquished Creatures
  An adder (D:2)
  3 dart slugs
  2 ball pythons
  2 endoplasms
  2 giant cockroaches (D:1)
  3 goblins (D:1)
  4 hobgoblins
  3 jackals (D:2)
  A quokka (D:1)
  6 bats
  4 frilled lizards
  2 kobolds
  3 rats
36 creatures vanquished.

Notes
Turn   | Place    | Note
-------+----------+-------------------------------------------
     0 | D:1      | wingedge the Meteoran Hunter began the quest for the Orb.
     0 | D:1      | Reached XP level 1. HP: 17/17 MP: 2/2
    76 | D:1      | Reached XP level 2. HP: 24/24 MP: 3/3
   153 | D:1      | Reached skill level 5 in Ranged Weapons
   214 | D:1      | Reached XP level 3. HP: 28/29 MP: 4/4
   411 | D:2      | Found a hazy altar of Hepliaklqana.
   420 | D:2      | Became a worshipper of Hepliaklqana the Forgotten
   572 | D:2      | Reached XP level 4. HP: 23/36 MP: 5/5
   761 | D:2      | Found a runed translucent door.
   762 | D:2      | Noticed Crazy Yiuf
   768 | D:2      | Slain by Crazy Yiuf

Illustrated notes

Levels and vault maps discovered:
D:1:      dpeg_arrival_long_road, layout_basic
D:2:      layout_rooms, basic_altar, minivault_5, uniq_crazy_yiuf_cottage

Skill      XL: |  1  2  3 |
---------------+----------+-----
Ranged Weapons | 5 |  5.7
Dodging        | 3 |  3.0
Fighting       | |  2.1
Stealth        | |  0.6

Action                   |  1- 3 |  4- 6 || total
-------------------------+-------+-------++-------
 Fire: Shortbow          |    82 |    20 ||   102
  Use: Scroll            |     1 |       ||     1
Armor: Leather armour    |    25 |     1 ||    26
Dodge: Dodged            |    26 |     6 ||    32
